 Dungeon Crawl Stone Soup version 0.16.1-2-g95b8d4c (console) character file.

16 gw the Vexing (level 2, 0/14 HPs)
             Began as a Spriggan Arcane Marksman on Mar 24, 2015.
             Slain by a kobold
             ... wielding a +0 short sword
              (5 damage)
             ... on level 1 of the Dungeon.
             The game lasted 00:00:48 (761 turns).

gw the Vexing (Spriggan Arcane Marksman)             Turns: 761, Time: 00:00:48

Health: 0/14       AC:  3    Str:  7    XL:     2   Next: 37%
Magic:  2/5        EV: 18    Int: 14    God:
Gold:   37         SH:  0    Dex: 15    Spells: 1 memorised, 3 levels left

rFire  . . .     SeeInvis +     b - +0 dagger
rCold  . . .     Clarity  .     a - +0 robe
rNeg   . . .     SustAb   .     (shield restricted)
rPois  .         Gourm    .     (helmet restricted)
rElec  .         Spirit   .     e - +0 cloak (curse)
rCorr  .         Warding  .     (gloves unavailable)
rMut   .         Stasis   .     (boots unavailable)
MR     .....                    (no amulet)
Stlth  +.........               (no ring)
                                (no ring)

@: very slightly contaminated, very quick, not resistant to hostile
enchantments, very unstealthy
A: unfitting armour, see invisible, herbivore 3, speed 3, slow metabolism 2
a: no special abilities


You were on level 1 of the Dungeon.
You were not hungry.

You visited 1 branch of the dungeon, and saw 1 of its levels.

You collected 37 gold pieces.

Inventory:

Hand weapons
 b - a +0 dagger (weapon)
 i - a +0 hunting sling
Missiles
 c - 15 sling bullets
 j - 8 stones (quivered)
Armour
 a - a +0 robe (worn)
 e - a cursed +0 cloak (worn)
Scrolls
 h - 2 scrolls of amnesia {unknown}
 k - a scroll of magic mapping {unknown}
Potions
 g - a potion of agility {unknown}
 l - a potion of restore abilities {unknown}
Books
 d - a book of Debilitation

   Spells                             Type                      Level
   a - Corona                         Hexes                        1
   b - Slow                           Hexes                        2
   c - Inner Flame                    Hexes/Fire                   3
   d - Enslavement                    Hexes                        4
   e - Cause Fear                     Hexes                        4
   f - Leda's Liquefaction            Hexes/Earth                  4
Comestibles
 f - 2 bread rations
 m - a beef jerky {inedible}


   Skills:
 + Level 1.2 Fighting
 + Level 0.4 Short Blades
 + Level 2.5 Slings
 + Level 3.2 Dodging
 * Level 1.9 Spellcasting
 + Level 3.7 Hexes


You had 3 spell levels left.
You knew the following spells:

 Your Spells              Type           Power        Failure   Level  Hunger
a - Corona                Hex            ##.....      6%          1    ##.....


Dungeon Overview and Level Annotations

Branches:
Dungeon (1/15)

Altars:


Innate Abilities, Weirdness & Mutations

You are tiny and cannot use many weapons and most armour.
You have supernaturally acute eyesight.
You are a herbivore.
You cover ground extremely quickly.
You need consume almost no food.


Message History

You hit the kobold.
The kobold is heavily wounded.
The kobold hits you but does no damage.
Unknown command.
Unknown command.
Unknown command.
Unknown command.
KIIIITING; ATTACKING (1,0)
You hit the kobold.
The kobold is severely wounded.
The kobold barely misses you.
Unknown command.
Unknown command.
Unknown command.
Unknown command.
KIIIITING; ATTACKING (1,0)
You completely miss the kobold.
The kobold is severely wounded.
The kobold hits you with a short sword.
You die...

### #.# .. #.# #.# ..#
### #)## #..# #.. ...#
#..# #.# #..# #####..#
#.# #..# .......#
###.#######..# .#####.#
#....iK....!.#
.#####.#####.#.###.####.#
.##........).#.# #.# .#
.........#####.# #.# .#
..#.####.# #.. (.. .#
..#.# #.# ### #.# ##
..#.####.# #.#
..#....#.###### #.#
......)........ ..#


You could see a kobold.

Table legend:
 A = Turns spent in this place as a percentage of turns spent in the entire game.
 B = Non-inter-level travel turns spent in this place as a percentage of non-inter-level travel turns spent in the entire game.
 C = Inter-level travel turns spent in this place as a percentage of turns spent in this place.
 D = Turns resting spent in this place as a percentage of non-inter-level travel turns spent in this place.
 E = Turns spent auto-exploring this place as a percentage of non-inter-level travel turns spent in this place.
 F = Non-inter-level travel turns spent in this place divided by the number of levels of this place that you've seen.
                   A       B       C       D       E      F
               +-------+-------+-------+-------+-------+----------------------
         Total | 100.0 | 100.0 |   0.0 |   2.8 |   2.0 | 1151.0
       Dungeon | 100.0 | 100.0 |   0.0 |   2.8 |   2.0 | 1151.0
               +-------+-------+-------+-------+-------+----------------------

Table legend:
 A = Kills in this place as a percentage of kills in entire the game.
 B = Kills by you in this place as a percentage of kills by you in the entire game.
 C = Kills by friends in this place as a percentage of kills by friends in the entire game.
 D = Other kills in this place as a percentage of other kills in the entire game.
 E = Experience gained in this place as a percentage of experience gained in the entire game.
 F = Experience gained in this place divided by the number of levels of this place that you have seen.
                   A       B       C       D       E      F
               +-------+-------+-------+-------+-------+----------------------
         Total | 100.0 | 100.0 |  -nan |  -nan | 100.0 |  23.0
       Dungeon | 100.0 | 100.0 |  -nan |  -nan | 100.0 |  23.0
               +-------+-------+-------+-------+-------+----------------------

Vanquished Creatures
  A bat (D:1)
  2 giant cockroaches (D:1)
  A goblin (D:1)
  A hobgoblin (D:1)
  6 kobolds (D:1)
  2 rats (D:1)
13 creatures vanquished.

Notes
Turn   | Place    | Note
--------------------------------------------------------------
     0 | D:1      | gw, the Spriggan Arcane Marksman, began the quest for the Orb.
     0 | D:1      | Reached XP level 1. HP: 9/9 MP: 3/3
   109 | D:1      | Reached skill level 1 in Fighting
   435 | D:1      | Reached XP level 2. HP: 14/14 MP: 3/5
   761 | D:1      | Slain by a kobold

Action                   || total
-------------------------++-------
Melee: Club              ||     6
       Dagger            ||    24
 Fire: Hunting sling     ||    18
 Cast: Corona            ||    18
 Stab: Sleeping          ||     1

Vault maps used:
D:1:      minmay_arrival_stone_box, minmay_fountain_box, minmay_misc_feat_roman
